| TOP OF THE 1ST |
|
Seattle (APP) Mariners batting - Pitching for Detroit (APP) Tigers : RHP Chris Wilkerson
|
|
Pitching: RHP Chris Wilkerson
|
|
|
Batting: RHB Heihachiro Fujita
|
0-0: Called Strike 0-1: Foul Ball, location: 2F 0-2: Ball 1-2: Ball 2-2: Ball 3-2: Foul Ball, location: 2F 3-2: Base on Balls
|
|
Batting: RHB Julian Gregory
|
0-0: Ball 1-0: Called Strike 1-1: Foul Ball, location: 2F 1-2: Fly out, F8 (Flyball, 8LXD, EV 85.6 MPH) Runner from 1st tags up, SAFE at 2nd
|
|
Batting: RHB John Vasquez
|
0-0: Ball 1-0: Ball 2-0: Ball 3-0: Called Strike 3-1: Foul Ball, location: 2F 3-2: Foul Ball, location: 2F 3-2: Foul Ball, location: 2F 3-2: Strikes out swinging
|
|
Batting: RHB Ivan Davila
|
0-0: Called Strike 0-1: Ball 1-1: Ball 2-1: Fly out, F8 (Flyball, 8RXD, EV 103.8 MPH)
|
| Top of the 1st over - 0 runs, 0 hits, 0 errors, 1 left on base; Seattle (APP) 0 - Detroit (APP) 0 |
| BOTTOM OF THE 1ST |
|
Detroit (APP) Tigers batting - Pitching for Seattle (APP) Mariners : LHP David Reyes
|
|
Pitching: LHP David Reyes
|
|
|
Batting: LHB Timotheus Young
|
0-0: Fly out, F7 (Flyball, 7D, EV 99.4 MPH)
|
|
Batting: RHB Norm Wood
|
0-0: Called Strike 0-1: Ball 1-1: Called Strike 1-2: Ball 2-2: Ball 3-2: Base on Balls
|
|
Batting: RHB Kevin Steed
|
0-0: Ball 1-0: Called Strike 1-1: Grounds into double play, 4-6-3 (Groundball, 4MD, EV 104.4 MPH)
|
| Bottom of the 1st over - 0 runs, 0 hits, 0 errors, 0 left on base; Seattle (APP) 0 - Detroit (APP) 0 |
| TOP OF THE 2ND |
|
Seattle (APP) Mariners batting - Pitching for Detroit (APP) Tigers : RHP Chris Wilkerson
|
|
Batting: RHB Victor Rosas
|
0-0: Ball 1-0: Called Strike 1-1: Ball 2-1: Ball 3-1: Base on Balls
|
|
Batting: RHB Kinzo Yokoyama
|
0-0: Ball 1-0: Ball 2-0: Ball 3-0: Called Strike 3-1: 2-RUN HOME RUN (Flyball, 89XD, EV 106.2 MPH), Distance : 398 ft
|
|
Batting: RHB Jim Begger
|
0-0: Ball 1-0: Ball 2-0: Ball 3-0: Base on Balls
|
|
Batting: RHB Jwahir Pili
|
0-0: Ball Jim Begger steals 2nd base 1-0: Ball 2-0: Fly out, F7 (Line Drive, 7S, EV 102.5 MPH)
|
|
Batting: RHB David Greene
|
0-0: Called Strike 0-1: Foul Ball, location: 2F 0-2: Ball 1-2: Strikes out looking
|
|
Batting: RHB Heihachiro Fujita
|
0-0: Called Strike 0-1: Foul Ball, location: 2F 0-2: Fly out, F8 (Flyball, 89D, EV 85.6 MPH)
|
| Top of the 2nd over - 2 runs, 1 hit, 0 errors, 1 left on base; Seattle (APP) 2 - Detroit (APP) 0 |
| BOTTOM OF THE 2ND |
|
Detroit (APP) Tigers batting - Pitching for Seattle (APP) Mariners : LHP David Reyes
|
|
Batting: RHB Juan Acero
|
0-0: Ball 1-0: Ball 2-0: Ball 3-0: Base on Balls
|
|
Batting: RHB Nate Dabney
|
0-0: Ball 1-0: Swinging Strike 1-1: Fly out, F7 (Line Drive, 7, EV 103.8 MPH)
|
|
Batting: LHB Afanasy Zasekin
|
0-0: Called Strike 0-1: Ball 1-1: Called Strike 1-2: Ball 2-2: Fly out, F7 (Flyball, 7, EV 88.1 MPH)
|
|
Batting: RHB Yasutaka Yamasaki
|
0-0: Called Strike 0-1: DOUBLE (Groundball, 5L, EV 107.5 MPH) Juan Acero to third Runner from 3rd tries for Home, SAFE, no throw by LF
|
|
Batting: LHB Isao Fukui
|
0-0: Called Strike 0-1: Swinging Strike 0-2: Ball 1-2: Foul Ball, location: 2F 1-2: Foul Ball, location: 2F 1-2: Ground out 1-3 (Groundball, 15, EV 72.5 MPH)
|
| Bottom of the 2nd over - 1 run, 1 hit, 0 errors, 1 left on base; Seattle (APP) 2 - Detroit (APP) 1 |
| TOP OF THE 3RD |
|
Seattle (APP) Mariners batting - Pitching for Detroit (APP) Tigers : RHP Chris Wilkerson
|
|
Batting: RHB Julian Gregory
|
0-0: Ball 1-0: Ball 2-0: Ground out 4-3 (Groundball, 4, EV 88.1 MPH)
|
|
Batting: RHB John Vasquez
|
0-0: TRIPLE (Line Drive, 78XD, EV 100.6 MPH)
|
|
Batting: RHB Ivan Davila
|
0-0: Ball 1-0: Ground out 6-3 (Groundball, 6, EV 85.0 MPH) John Vasquez scores
|
|
Batting: RHB Victor Rosas
|
0-0: Ground out 4-3 (Groundball, 4, EV 106.2 MPH)
|
| Top of the 3rd over - 1 run, 1 hit, 0 errors, 0 left on base; Seattle (APP) 3 - Detroit (APP) 1 |
| BOTTOM OF THE 3RD |
|
Detroit (APP) Tigers batting - Pitching for Seattle (APP) Mariners : LHP David Reyes
|
|
Batting: RHB Carlos Avila
|
0-0: Ball 1-0: Called Strike 1-1: Bunt missed! 1-2: Ground out 4-3 (Groundball, 34D, EV 105.6 MPH)
|
|
Batting: LHB Timotheus Young
|
0-0: Ball 1-0: Ball 2-0: Reached via error on a dropped throw from 1B, E1 (Groundball, 34, EV 100.6 MPH)
|
|
Batting: RHB Norm Wood
|
0-0: Called Strike Timotheus Young steals 2nd base 0-1: Ball 1-1: Foul Ball, location: 2F 1-2: Ball 2-2: Ball 3-2: Fly out, F8 (Flyball, 8RD, EV 85.0 MPH)
|
|
Batting: RHB Kevin Steed
|
0-0: Ball 1-0: Ball 2-0: Ball 3-0: Base on Balls
|
|
Batting: RHB Juan Acero
|
0-0: Called Strike 0-1: Ball 1-1: Ball 2-1: Ball 3-1: Base on Balls Timotheus Young to third Kevin Steed to second
|
|
Batting: RHB Nate Dabney
|
0-0: Ball 1-0: Called Strike 1-1: Called Strike 1-2: Ball 2-2: Ground out 5-3 (Groundball, 56S, EV 66.2 MPH)
|
| Bottom of the 3rd over - 0 runs, 0 hits, 1 error, 3 left on base; Seattle (APP) 3 - Detroit (APP) 1 |
| TOP OF THE 4TH |
|
Seattle (APP) Mariners batting - Pitching for Detroit (APP) Tigers : RHP Chris Wilkerson
|
|
Batting: RHB Kinzo Yokoyama
|
0-0: Ball 1-0: Fly out, F8 (Line Drive, 8LD, EV 95.0 MPH)
|
|
Batting: RHB Jim Begger
|
0-0: Ball 1-0: Ball 2-0: Called Strike 2-1: Ball 3-1: Swinging Strike 3-2: Base on Balls
|
|
Batting: RHB Jwahir Pili
|
0-0: Called Strike 0-1: Swinging Strike 0-2: Ball 1-2: Ball 2-2: Foul Ball, location: 2F 2-2: Strikes out swinging
|
|
Batting: RHB David Greene
|
0-0: Swinging Strike 0-1: Ball 1-1: SINGLE (Groundball, 15S, EV 68.1 MPH) (infield hit) Jim Begger to second
|
|
Batting: RHB Heihachiro Fujita
|
0-0: Ball 1-0: Foul Ball, location: 2F 1-1: Ball 2-1: Foul Ball, location: 2F 2-2: Foul Ball, location: 2F 2-2: SINGLE (Flyball, 4D, EV 88.1 MPH) Jim Begger to third David Greene to second Runner from 3rd tries for Home, SAFE, throw by RF to home
|
|
Batting: RHB Julian Gregory
|
0-0: Called Strike 0-1: Foul Ball, location: 2F 0-2: Ball 1-2: Foul Ball, location: 2F 1-2: Ball 2-2: Fly out, F8 (Flyball, 8LM, EV 95.0 MPH)
|
| Top of the 4th over - 1 run, 2 hits, 0 errors, 2 left on base; Seattle (APP) 4 - Detroit (APP) 1 |
| BOTTOM OF THE 4TH |
|
Detroit (APP) Tigers batting - Pitching for Seattle (APP) Mariners : LHP David Reyes
|
|
Batting: LHB Afanasy Zasekin
|
0-0: Swinging Strike 0-1: Called Strike 0-2: Ball 1-2: Ball 2-2: Ball 3-2: Base on Balls
|
|
Batting: RHB Yasutaka Yamasaki
|
0-0: Ball 1-0: 2-RUN HOME RUN (Flyball, 78XD, EV 109.4 MPH), Distance : 426 ft
|
|
Batting: LHB Isao Fukui
|
0-0: Ball 1-0: Ball 2-0: Called Strike 2-1: Foul Ball, location: 2F 2-2: Ball 3-2: Foul Ball, location: 2F 3-2: Foul Ball, location: 2F 3-2: Foul Ball, location: 2F 3-2: Fly out, F8 (Flyball, 8LS, EV 83.1 MPH)
|
|
Batting: RHB Carlos Avila
|
0-0: Called Strike 0-1: Ball 1-1: Swinging Strike 1-2: Ball 2-2: Foul Ball, location: 2F 2-2: Strikes out swinging
|
|
Batting: LHB Timotheus Young
|
0-0: Ball 1-0: Swinging Strike 1-1: Called Strike 1-2: Strikes out swinging
|
| Bottom of the 4th over - 2 runs, 1 hit, 0 errors, 0 left on base; Seattle (APP) 4 - Detroit (APP) 3 |
| TOP OF THE 5TH |
|
Seattle (APP) Mariners batting - Pitching for Detroit (APP) Tigers : RHP Chris Wilkerson
|
|
Batting: RHB John Vasquez
|
0-0: Called Strike 0-1: SOLO HOME RUN (Flyball, 78XD, EV 106.2 MPH), Distance : 412 ft
|
|
Pitching: RHP Mike Valdivia
|
|
|
Batting: RHB Ivan Davila
|
0-0: Called Strike 0-1: Ball 1-1: Foul Ball, location: 2F 1-2: Hit by Pitch
|
|
Batting: RHB Victor Rosas
|
0-0: 2-RUN HOME RUN (Flyball, 78XD, EV 100.6 MPH), Distance : 393 ft
|
|
Batting: RHB Kinzo Yokoyama
|
0-0: Called Strike 0-1: Ball 1-1: Ball 2-1: Called Strike 2-2: Ball 3-2: Base on Balls
|
|
Batting: RHB Jim Begger
|
0-0: Called Strike 0-1: Ball 1-1: Ball 2-1: Foul Ball, location: 2F 2-2: Ball 3-2: Fly out, F8 (Flyball, 8LD, EV 81.2 MPH)
|
|
Batting: RHB Jwahir Pili
|
0-0: Foul Ball, location: 2F 0-1: Fielders Choice at 2nd, 4-6 (Groundball, 4, EV 90.6 MPH)
|
|
Batting: RHB David Greene
|
0-0: Called Strike Jwahir Pili steals 2nd base (no throw) 0-1: Foul Ball, location: 2F 0-2: Ball 1-2: Ball 2-2: Ball 3-2: Foul Ball, location: 2F 3-2: Foul Ball, location: 2F 3-2: Strikes out looking
|
| Top of the 5th over - 3 runs, 2 hits, 0 errors, 1 left on base; Seattle (APP) 7 - Detroit (APP) 3 |
| BOTTOM OF THE 5TH |
|
Detroit (APP) Tigers batting - Pitching for Seattle (APP) Mariners : LHP David Reyes
|
|
Pitching: RHP Ramon Pedroza
|
|
|
Batting: RHB Norm Wood
|
0-0: Called Strike 0-1: Foul Ball, location: 2F 0-2: Strikes out looking
|
|
Batting: RHB Kevin Steed
|
0-0: Ball 1-0: Called Strike 1-1: Ball 2-1: Ball 3-1: Foul Ball, location: 2F 3-2: Strikes out swinging
|
|
Batting: RHB Juan Acero
|
0-0: Called Strike 0-1: Foul Ball, location: 2F 0-2: Ground out 5-3 (Groundball, 15, EV 81.2 MPH)
|
| Bottom of the 5th over - 0 runs, 0 hits, 0 errors, 0 left on base; Seattle (APP) 7 - Detroit (APP) 3 |
| TOP OF THE 6TH |
|
Seattle (APP) Mariners batting - Pitching for Detroit (APP) Tigers : RHP Mike Valdivia
|
|
Batting: RHB Heihachiro Fujita
|
0-0: Fly out, F4 (Line Drive, 4M, EV 68.1 MPH)
|
|
Batting: RHB Julian Gregory
|
0-0: Swinging Strike 0-1: Ball 1-1: SINGLE (Groundball, 34D, EV 95.6 MPH)
|
|
Batting: RHB John Vasquez
|
0-0: Called Strike 0-1: Ball 1-1: Ball 2-1: Fly out, F9 (Flyball, 9D, EV 75.6 MPH)
|
|
Batting: RHB Ivan Davila
|
0-0: Ball 1-0: DOUBLE (Line Drive, 78D, EV 105.0 MPH) Julian Gregory to third Runner from 3rd tries for Home, throw by LF and OUT! 7-6-2
|
| Top of the 6th over - 0 runs, 2 hits, 0 errors, 1 left on base; Seattle (APP) 7 - Detroit (APP) 3 |
| BOTTOM OF THE 6TH |
|
Detroit (APP) Tigers batting - Pitching for Seattle (APP) Mariners : RHP Ramon Pedroza
|
|
Batting: RHB Nate Dabney
|
0-0: Ball 1-0: Fly out, F6 (Line Drive, 6D, EV 71.9 MPH)
|
|
Batting: LHB Afanasy Zasekin
|
0-0: Ball 1-0: Ball 2-0: Ball 3-0: Base on Balls
|
|
Batting: RHB Yasutaka Yamasaki
|
0-0: Swinging Strike 0-1: Ball 1-1: Foul Ball, location: 2F 1-2: Ball 2-2: Grounds into double play, 5-4-3 (Groundball, 5, EV 108.1 MPH)
|
| Bottom of the 6th over - 0 runs, 0 hits, 0 errors, 0 left on base; Seattle (APP) 7 - Detroit (APP) 3 |
| TOP OF THE 7TH |
|
Seattle (APP) Mariners batting - Pitching for Detroit (APP) Tigers : RHP Mike Valdivia
|
|
Batting: RHB Victor Rosas
|
0-0: Swinging Strike 0-1: Ball 1-1: Fly out, F7 (Flyball, 7, EV 82.5 MPH)
|
|
Batting: RHB Kinzo Yokoyama
|
0-0: Called Strike 0-1: Foul Ball, location: 2F 0-2: Strikes out looking
|
|
Batting: RHB Jim Begger
|
0-0: Foul Ball, location: 2F 0-1: Ball 1-1: Ball 2-1: Ground out 4-3 (Groundball, 4, EV 80.0 MPH)
|
| Top of the 7th over - 0 runs, 0 hits, 0 errors, 0 left on base; Seattle (APP) 7 - Detroit (APP) 3 |
| BOTTOM OF THE 7TH |
|
Detroit (APP) Tigers batting - Pitching for Seattle (APP) Mariners : RHP Ramon Pedroza
|
|
Batting: LHB Isao Fukui
|
0-0: Ball 1-0: Fly out, F9 (Line Drive, 9S, EV 91.2 MPH)
|
|
Batting: RHB Carlos Avila
|
0-0: Swinging Strike 0-1: Ball 1-1: Swinging Strike 1-2: Strikes out swinging
|
|
Batting: LHB Timotheus Young
|
0-0: Called Strike 0-1: Ball 1-1: Ground out 4-3 (Groundball, 4, EV 107.5 MPH)
|
| Bottom of the 7th over - 0 runs, 0 hits, 0 errors, 0 left on base; Seattle (APP) 7 - Detroit (APP) 3 |
| TOP OF THE 8TH |
|
Seattle (APP) Mariners batting - Pitching for Detroit (APP) Tigers : RHP Mike Valdivia
|
|
Batting: RHB Jwahir Pili
|
0-0: Ball 1-0: Ground out 5-3 (Groundball, 56, EV 86.9 MPH)
|
|
Pitching: RHP Bert Hernandez
|
|
|
Batting: RHB David Greene
|
0-0: Ball 1-0: Called Strike 1-1: Fly out, F9 (Flyball, 9, EV 85.6 MPH)
|
|
Batting: RHB Heihachiro Fujita
|
0-0: Called Strike 0-1: Swinging Strike 0-2: Ball 1-2: Ball 2-2: Strikes out swinging
|
| Top of the 8th over - 0 runs, 0 hits, 0 errors, 0 left on base; Seattle (APP) 7 - Detroit (APP) 3 |
| BOTTOM OF THE 8TH |
|
Detroit (APP) Tigers batting - Pitching for Seattle (APP) Mariners : RHP Ramon Pedroza
|
|
Batting: RHB Norm Wood
|
0-0: SINGLE (Groundball, 4MD, EV 94.4 MPH)
|
|
Batting: RHB Kevin Steed
|
0-0: Called Strike 0-1: Foul Ball, location: 2F 0-2: Strikes out swinging
|
|
Batting: RHB Juan Acero
|
0-0: Called Strike 0-1: Foul Ball, location: 2F 0-2: Grounds into double play, 5-4-3 (Groundball, 56, EV 82.5 MPH)
|
| Bottom of the 8th over - 0 runs, 1 hit, 0 errors, 0 left on base; Seattle (APP) 7 - Detroit (APP) 3 |
| TOP OF THE 9TH |
|
Seattle (APP) Mariners batting - Pitching for Detroit (APP) Tigers : RHP Bert Hernandez
|
|
Batting: RHB Julian Gregory
|
0-0: Ball 1-0: Called Strike 1-1: Foul Ball, location: 2F 1-2: Ball 2-2: TRIPLE (Line Drive, 89XD, EV 105.0 MPH)
|
|
Batting: RHB John Vasquez
|
0-0: Called Strike 0-1: Called Strike 0-2: Strikes out swinging
|
|
Batting: RHB Ivan Davila
|
0-0: Ball 1-0: Ball 2-0: Ball 3-0: Base on Balls
|
|
Batting: RHB Victor Rosas
|
0-0: Grounds into double play, 5-4-3 (Groundball, 5, EV 97.5 MPH)
|
| Top of the 9th over - 0 runs, 1 hit, 0 errors, 1 left on base; Seattle (APP) 7 - Detroit (APP) 3 |
| BOTTOM OF THE 9TH |
|
Detroit (APP) Tigers batting - Pitching for Seattle (APP) Mariners : RHP Ramon Pedroza
|
|
Batting: RHB Nate Dabney
|
0-0: Ball 1-0: Called Strike 1-1: Fly out, F7 (Flyball, 7LSF, EV 76.2 MPH)
|
|
Batting: LHB Afanasy Zasekin
|
0-0: Called Strike 0-1: Ball 1-1: SINGLE (Flyball, 6D, EV 88.1 MPH)
|
|
Pitching: RHP Rickey DuMire
|
|
|
Batting: RHB Yasutaka Yamasaki
|
0-0: Ball 1-0: Called Strike 1-1: Foul Ball, location: 2F 1-2: Ball 2-2: Ball 3-2: Base on Balls Afanasy Zasekin to second
|
|
Pitching: RHP Dave Williams
|
|
|
Batting: LHB Isao Fukui
|
0-0: Ball 1-0: Fielders Choice at 2nd, 4-6 (Groundball, 4, EV 86.9 MPH) Afanasy Zasekin to third
|
|
Pinch Hitting: RHB Jose Evangelista
|
0-0: Ball 1-0: Ground out 5-3 (Groundball, 5S, EV 91.2 MPH)
|
| Bottom of the 9th over - 0 runs, 1 hit, 0 errors, 2 left on base; Seattle (APP) 7 - Detroit (APP) 3 |
|